 Dungeon Crawl Stone Soup version 0.27-a0-385-g3208abaabc (webtiles) character file.

Game seed: 14224890342431570177

167 DasRunzen the Shield-Bearer (level 5, -7/51 HPs)
             Began as a Gnoll Fighter on Feb 19, 2021.
             Killed by nerve-wracking pain
             ... invoked by an orc priest
              (9 damage)
             ... on level 3 of the Dungeon.
             The game lasted 00:03:10 (1642 turns).

DasRunzen the Shield-Bearer (Gnoll Fighter)         Turns: 1642, Time: 00:03:11

Health: -7/51      AC: 11    Str: 15    XL:     5   Next: 48%
Magic:  0/7        EV:  8    Int:  8    God:
Gold:   143        SH: 10    Dex: 12    Spells: 7/7 levels left

rFire    + . .     SeeInvis .   a - +0 long sword
rCold    x . .     Faith    .   c - +0 kite shield
rNeg     . . .     Spirit   +   b - +0 scale mail
rPois    .         Reflect  .   (no helmet)
rElec    .         Harm     .   k - +2 cloak
rCorr    .         Rampage  .   (no gloves)
Will     .....                  (no boots)
Stlth    ..........             n - amulet of guardian spirit
HPRegen  0.17/turn              i - ring of fire
MPRegen  0.10/turn              (no ring)

@: mighty
A: distributed training, claws 1, fangs 1, robust 1, subdued magic 1, strong
nose
a: no special abilities


You were on level 3 of the Dungeon.
You visited 1 branch of the dungeon, and saw 3 of its levels.

You collected 143 gold pieces.

Inventory:

Hand Weapons
 a - a +0 long sword (weapon)
Armour
 b - a +0 scale mail (worn)
 c - a +0 kite shield (worn)
 k - a +2 cloak (worn)
Jewellery
 i - a ring of fire (left claw)
 n - an amulet of guardian spirit (around neck)
Wands
 j - a wand of paralysis (7)
Scrolls
 e - 4 scrolls of blinking
 f - a scroll of enchant armour
 g - a scroll of magic mapping
 m - 2 scrolls of teleportation
Potions
 d - a potion of might
 h - a potion of haste


   Skills:
 + Level 6.7 Fighting
 + Level 1.5 Short Blades
 + Level 4.8 Long Blades
 + Level 1.5 Axes
 + Level 1.5 Maces & Flails
 + Level 1.5 Polearms
 + Level 1.5 Staves
 + Level 1.5 Slings
 + Level 1.5 Bows
 + Level 1.5 Crossbows
 + Level 1.5 Throwing
 + Level 6.7 Armour
 + Level 1.5 Dodging
 + Level 1.5 Stealth
 + Level 6.7 Shields
 + Level 1.5 Unarmed Combat
 + Level 1.5 Spellcasting
 + Level 1.2 Conjurations
 + Level 1.2 Hexes
 + Level 1.2 Summonings
 + Level 1.2 Necromancy
 + Level 1.2 Translocations
 + Level 1.2 Transmutations
 + Level 1.2 Fire Magic
 + Level 1.2 Ice Magic
 + Level 1.2 Air Magic
 + Level 1.2 Earth Magic
 + Level 1.2 Poison Magic
 + Level 1.7 Invocations
 + Level 1.5 Evocations


You had 7 spell levels left.
You didn't know any spells.
Your spell library was empty.

Dungeon Overview and Level Annotations

Branches:
Dungeon (3/15)

Altars:
Xom


Innate Abilities, Weirdness & Mutations

Your experience applies equally to all skills.
You have very sharp teeth.
Your uncanny sense of smell can sniff out nearby items.
You have sharp fingernails.
You are robust. (+10% HP)
Your spells are a little easier to cast, but a little less powerful.


Message History

You have reached level 5!
You slash the orc priest!
The orc priest is heavily wounded.
You block the orc priest's attack.
You slash the orc priest!
You kill the orc priest!
The orc priest looks satisfied for a moment.
The orc hits you but does no damage.
You closely miss the orc. You bite the orc.
The orc is lightly wounded.
The orc priest calls upon Beogh to heal the orc.
The orc's wounds heal themselves!
The orc barely misses you.
You hit the orc but do no damage. You bite the orc, but do no damage.
The orc barely misses you.
You riposte.
You barely miss the orc. You hit the orc. You bite the orc, but do no damage.
The orc is heavily wounded.
The orc hits you but does no damage.
The orc priest calls down the wrath of Beogh upon you.
Beogh smites you!
* * * LOW HITPOINT WARNING * * *
The orc barely misses you.
You feel very mighty all of a sudden.
The orc priest calls upon Beogh to heal the orc.
The orc's wounds heal themselves!
You block the orc's attack.
Unknown command.
You slash the orc!
You kill the orc!
The orc priest hits you with a +0 club.
* * * LOW HITPOINT WARNING * * *
You closely miss the orc priest. You bite the orc priest!
The orc priest is heavily wounded.
The orc priest hits you but does no damage.
You hit the orc priest.
The orc priest is severely wounded.
The orc priest hits you but does no damage.
You closely miss the orc priest. You bite the orc priest.
The orc priest is severely wounded.
The orc priest invokes the aid of Beogh against you.
Pain shoots through your body!
You die...

### ..# #.# #
###### #.#.#
#..... ##.#.
#####.#### ...
#......... #o#
##.###.###.
#@######...##.#
#.
#.............#
#.
#........>.####
#. #.#####.#.##
#. #.# #.#.# #)
#.# #†#.# #)
#.#
#.#.#######.
#.#
#.#......... #.
##÷##########


You could see an orc priest.

Vanquished Creatures
  2 orc priests (D:3)
  An orc wizard (D:3)
  2 adders
  An ooze (D:1)
  A worm (D:2)
  2 leopard geckos
  5 orcs (D:3)
  2 giant cockroaches
  5 goblins (D:1)
  6 hobgoblins
  4 jackals (D:2)
  5 kobolds
  A quokka (D:2)
  6 bats
  2 frilled lizards
  7 rats
52 creatures vanquished.

Notes
Turn   | Place    | Note
-------+----------+-------------------------------------------
     0 | D:1      | DasRunzen the Gnoll Fighter began the quest for the Orb.
     0 | D:1      | Reached XP level 1. HP: 23/23 MP: 1/1
   127 | D:1      | Reached XP level 2. HP: 29/29 MP: 2/2
   394 | D:1      | Reached XP level 3. HP: 30/35 MP: 3/3
   643 | D:1      | Gained mutation: You have sharp fingernails. [potion of
                  | mutation]
   643 | D:1      | Gained mutation: Your spells are a little easier to cast,
                  | but a little less powerful. [potion of mutation]
   643 | D:1      | Gained mutation: You are robust. (+10% HP) [potion of
                  | mutation]
   796 | D:2      | Reached skill level 1 in Invocations
   809 | D:2      | Found a faded altar of an unknown god.
   912 | D:2      | Reached skill level 1 in Short Blades
   912 | D:2      | Reached skill level 1 in Axes
   912 | D:2      | Reached skill level 1 in Maces & Flails
   912 | D:2      | Reached skill level 1 in Polearms
   912 | D:2      | Reached skill level 1 in Staves
   912 | D:2      | Reached skill level 1 in Slings
   912 | D:2      | Reached skill level 1 in Bows
   912 | D:2      | Reached skill level 1 in Crossbows
   912 | D:2      | Reached skill level 1 in Throwing
   912 | D:2      | Reached skill level 1 in Dodging
   912 | D:2      | Reached skill level 1 in Stealth
   912 | D:2      | Reached skill level 1 in Unarmed Combat
   912 | D:2      | Reached skill level 1 in Spellcasting
   912 | D:2      | Reached skill level 1 in Evocations
   938 | D:2      | Reached XP level 4. HP: 42/45 MP: 5/5
   969 | D:2      | Found a shimmering altar of Xom.
  1476 | D:3      | Reached skill level 1 in Conjurations
  1476 | D:3      | Reached skill level 1 in Hexes
  1476 | D:3      | Reached skill level 1 in Summonings
  1476 | D:3      | Reached skill level 1 in Necromancy
  1476 | D:3      | Reached skill level 1 in Translocations
  1476 | D:3      | Reached skill level 1 in Transmutations
  1476 | D:3      | Reached skill level 1 in Fire Magic
  1476 | D:3      | Reached skill level 1 in Ice Magic
  1476 | D:3      | Reached skill level 1 in Air Magic
  1476 | D:3      | Reached skill level 1 in Earth Magic
  1476 | D:3      | Reached skill level 1 in Poison Magic
  1633 | D:3      | Reached XP level 5. HP: 13/51 MP: 0/7
  1639 | D:3      | HP: 1/51 [orc priest/+0 club (2)]
  1642 | D:3      | Killed from afar by an orc priest

Illustrated notes

Levels and vault maps discovered:
D:1:      dpeg_arrival_pits, layout_basic, minmay_misc_feat_columns,
          minmay_tetromino_t4
D:2:      layout_rooms, tgw_xom, chequers_ecumenical_altar_simple_redux,
          grunt_decor_cap
D:3:      layout_loops_ring

Skill      XL: |  1  2  3  4 |
---------------+-------------+-----
Invocations    | 1 |  1.7
Short Blades   | 1 |  1.5
Axes           | 1 |  1.5
Maces & Flails | 1 |  1.5
Polearms       | 1 |  1.5
Staves         | 1 |  1.5
Slings         | 1 |  1.5
Bows           | 1 |  1.5
Crossbows      | 1 |  1.5
Throwing       | 1 |  1.5
Dodging        | 1 |  1.5
Stealth        | 1 |  1.5
Unarmed Combat | 1 |  1.5
Spellcasting   | 1 |  1.5
Evocations     | 1 |  1.5
Conjurations   | 1 |  1.2
Hexes          | 1 |  1.2
Summonings     | 1 |  1.2
Necromancy     | 1 |  1.2
Translocations | 1 |  1.2
Transmutations | 1 |  1.2
Fire Magic     | 1 |  1.2
Ice Magic      | 1 |  1.2
Air Magic      | 1 |  1.2
Earth Magic    | 1 |  1.2
Poison Magic   | 1 |  1.2
Fighting       | |  6.7
Long Blades    | |  4.8
Armour         | |  6.7
Shields        | |  6.7

Action                   |  1- 3 |  4- 6 || total
-------------------------+-------+-------++-------
Melee: Long sword        |   106 |    66 ||   172
       Bite              |     9 |    11 ||    20
  Use: Scroll            |     5 |     3 ||     8
       Potion            |     1 |     2 ||     3
Armor: Scale mail        |    41 |    36 ||    77
Dodge: Dodged            |    29 |    14 ||    43
Block: Kite shield       |    61 |    28 ||    89
       Rpst.: Long sword |     8 |     4 ||    12

Table legend: (Time is in decaauts)
 A = Elapsed time spent in this place.
 B = Non-inter-level travel time spent in this place.
 C = Inter-level travel time spent in this place.
 D = Time resting spent in this place.
 E = Time spent auto-exploring this place.
 F = Levels seen in this place.
 G = Mean time per level.
                   A        B        C        D        E       F      G
               +--------+--------+--------+--------+--------+-----+--------+
         Total |   1702 |   1676 |     26 |      0 |   1269 |   3 |  567.3 |
       Dungeon |   1702 |   1676 |     26 |      0 |   1269 |   3 |  567.3 |
               +--------+--------+--------+--------+--------+-----+--------+

Top non-repeatable levels by time:
     D:1: 686 daAuts
     D:2: 672 daAuts
     D:3: 343 daAuts
